 Dungeon Crawl Stone Soup version 0.19-a0-994-g3c636f0 (webtiles) character file.

113 matakusis the Ducker (level 4, -5/35 HPs)
             Began as a Demonspawn Gladiator on July 17, 2016.
             Slain by Crazy Yiuf
             ... wielding a +4 quarterstaff of chaos
              (11 damage)
             ... on level 3 of the Dungeon.
             The game lasted 00:04:48 (2024 turns).

matakusis the Ducker (Demonspawn Gladiator)         Turns: 2024, Time: 00:04:50

Health: -5/35      AC: 12    Str: 16    XL:     4   Next: 65%
Magic:  4/4        EV: 13    Int:  9    God:
Gold:   71         SH:  0    Dex: 14    Spells: 0 memorised, 3 levels left

rFire  . . .     SeeInvis .     a - +0 long sword
rCold  . . .     Gourm    .     n - +2 leather armour {rPois}
rNeg   . . .     Faith    .     (no shield)
rPois  +         Spirit   .     c - +0 helmet
rElec  .         Dismiss  .     (no cloak)
rCorr  .         Reflect  .     (no gloves)
SustAt .         Harm     .     (no boots)
MR     .....                    (no amulet)
Stlth  +.........               (no ring)
                                (no ring)

@: sanguine armour, not resistant to hostile enchantments, very unstealthy
A: sanguine armour 1
a: no special abilities


You were on level 3 of the Dungeon.
You were hungry.

You visited 1 branch of the dungeon, and saw 3 of its levels.

You collected 71 gold pieces.

Inventory:

Hand Weapons
 a - a +0 long sword (weapon)
Armour
 c - a +0 helmet (worn)
 n - a +2 leather armour of poison resistance (worn)
Scrolls
 g - a scroll of immolation {unknown}
 i - a scroll of identify {unknown}
 j - 2 scrolls of enchant armour {unknown}
 m - a scroll of teleportation {unknown}
 q - a scroll of fog {unknown}
Potions
 b - a potion of invisibility {unknown}
 e - a potion of ambrosia {unknown}
 h - a potion of might {unknown}
 k - 2 potions of agility {unknown}
 p - a potion of lignification {unknown}
Comestibles
 f - 2 bread rations
 l - 2 meat rations
 o - 3 fruits


   Skills:
 * Level 3.1 Fighting
 + Level 3.3 Long Blades
 - Level 1.7 Throwing
 + Level 3.9 Dodging


You had 3 spell levels left.
You didn't know any spells.

Dungeon Overview and Level Annotations

Branches:
Dungeon (3/15)

Altars:

Annotations:
D:3 Crazy Yiuf


Innate Abilities, Weirdness & Mutations

When seriously injured, your bleeding wounds create armour. (AC +6)


Message History

Crazy Yiuf is heavily wounded.
Crazy Yiuf struggles against the net.
You hit Crazy Yiuf.
Crazy Yiuf is severely wounded.
Crazy Yiuf struggles against the net. x2
You hit Crazy Yiuf but do no damage.
Crazy Yiuf is severely wounded.
Crazy Yiuf struggles against the net.
The net rips apart, and Crazy Yiuf comes free!
Crazy Yiuf misses you.
You closely miss Crazy Yiuf.
Crazy Yiuf is severely wounded.
Crazy Yiuf misses you.
Crazy Yiuf hits you with a quarterstaff of chaos!
* * * LOW HITPOINT WARNING * * *
x2
There is an open door here.
You hit Crazy Yiuf but do no damage.
Crazy Yiuf is severely wounded.
Crazy Yiuf hits you with a quarterstaff of chaos!
You die...

##### ♣♣#### #)).#♣♣
♣♣.#..##
#..g@.♣♣♣♣......#
#)..#♣.)♣)......#####
#####♣♣♣.♣..#.#.##...
♣♣♣♣♣###......
##..... ## #.....
#.## #.....
#..####....
#.(........


You could see Crazy Yiuf (berserk).

Vanquished Creatures
  4 adders (D:2)
  2 oozes
  A worm (D:2)
  2 dart slugs (D:1)
  A giant gecko (D:1)
  10 bats
  4 giant cockroaches
  3 goblins
  5 hobgoblins
  7 jackals
  A quokka (D:2)
  A ball python (D:2)
  6 giant newts
  4 kobolds
  9 rats
60 creatures vanquished.

Notes
Turn   | Place    | Note
-------+----------+-------------------------------------------
     0 | D:1      | matakusis the Demonspawn Gladiator began the quest for the Orb.
     0 | D:1      | Reached XP level 1. HP: 16/16 MP: 1/1
   309 | D:1      | Gained mutation: When seriously injured, your bleeding wounds create armour. (AC +6) [demonic ancestry]
   309 | D:1      | Reached XP level 2. HP: 22/22 MP: 2/2
   570 | D:1      | Reached XP level 3. HP: 25/28 MP: 3/3
  1053 | D:2      | Reached XP level 4. HP: 16/34 MP: 4/4
  2005 | D:3      | Found a runed door.
  2009 | D:3      | Noticed Crazy Yiuf
  2024 | D:3      | Slain by Crazy Yiuf

Vault maps used:
D:1:      dpeg_arrival_arbitrary_c
D:3:      nicolae_ru_awakened_eye, minmay_misc_feat_encased,
          nicolae_ashenzari_panopticon, uniq_natasha, uniq_crazy_yiuf_cottage,
          uniq_grinder, uniq_robin, uniq_sigmund

Skill      XL: |  1  2  3  4 |
---------------+-------------+-----
Dodging        | 3 |  3.9
Long Blades    | 3 |  3.3
Fighting       | 3 |  3.1
Throwing       | |  1.7

Action                   |  1- 3 |  4- 6 || total
-------------------------+-------+-------++-------
Melee: Long sword        |   165 |    66 ||   231
Throw: Throwing net      |       |     3 ||     3
 Stab: Held in net/web   |       |     1 ||     1
  Eat: Chunk             |     1 |     2 ||     3
Armor: Leather armour    |    49 |    21 ||    70
Dodge: Dodged            |    98 |    51 ||   149
